 Dungeon Crawl Stone Soup version 0.29-a0-541-gaf1fc19f1b (webtiles) character file.

Game seed: 10115918942648853462

305 vulpzor the Insei (level 6, -8/38 HPs)
             Began as an Octopode Transmuter on June 3, 2022.
             Was a Believer of Uskayaw.
             Mangled by a gnoll
             ... wielding a +0 spear
              (10 damage)
             ... on level 3 of the Dungeon.
             The game lasted 00:15:08 (3217 turns).

vulpzor the Insei (Octopode Transmuter)             Turns: 3217, Time: 00:15:09

Health: -8/38      AC:  1    Str:  8 (9)  XL:     6   Next: 39%
Magic:  10/10      EV: 14    Int: 13 (15) God:    Uskayaw [**....]
Gold:   57         SH:  0    Dex: 15      Spells: 9/10 levels left

rFire   . . .      SeeInvis .     - Unarmed
rCold   . . .      Faith    .   (no shield)
rNeg    . . .      Spirit   .   (helmet restricted)
rPois   .          Reflect  .   i - amulet of the acrobat
rElec   .          Harm     .   (no ring)
rCorr   .          Rampage  .   (no ring)
Will    .....                   (no ring)
Stlth   +++.......              (no ring)
HPRegen 0.12/turn               (no ring)
MPRegen 0.12/turn               (no ring)
                                (no ring)
                                (no ring)

@: no status effects
A: almost no armour, amphibious, 8 rings, camouflage 1, gelatinous body 1,
(nimble swimmer 1), tentacles
a: Renounce Religion, Stomp, Line Pass


You were on level 3 of the Dungeon.
You worshipped Uskayaw.
Uskayaw was noncommittal.
You visited 1 branch of the dungeon, and saw 3 of its levels.

You collected 83 gold pieces.
You spent 26 gold pieces at shops.

Inventory:

Hand Weapons
 b - a +1 whip of electrocution
Missiles
 m - 2 atropa-tipped darts
Armour
 e - a +0 plate armour
 o - a +0 pair of boots
Magical Staves
 c - a staff of poison
Jewellery
 i - an amulet of the acrobat (around mantle)
Wands
 h - a wand of digging (6)
Scrolls
 d - 2 scrolls of identify
 l - a scroll of magic mapping
 n - a scroll of torment
 p - a scroll of silence {unknown}
Potions
 a - a potion of lignification
 f - a potion of invisibility {unknown}
 g - a potion of might
 j - 2 potions of curing {unknown}
 k - a potion of resistance
 q - a potion of berserk rage {unknown}


   Skills:
 + Level 1.3 Fighting
 + Level 2.9 Dodging
 + Level 3.2 Stealth
 + Level 5.2 Unarmed Combat
 + Level 2.7 Spellcasting
 + Level 2.6 Transmutations


You had 9 spell levels left.
You knew the following spells:

 Your Spells              Type           Power      Damage    Failure   Level
a - Beastly Appendage     Tmut           16%        N/A       8%          1

Your spell library contained the following spells:

 Spells                   Type           Power      Damage    Failure   Level
 Wereblood                Tmut           8%         N/A       12%         2
 Spider Form              Tmut/Pois      5%         N/A       38%         3
 Ice Form                 Ice/Tmut       5%         N/A       80%         4


Dungeon Overview and Level Annotations

Branches:
Dungeon (3/15)

Altars:
Uskayaw

Shops:
D:1 *   D:2 ?   D:3 [


Innate Abilities, Weirdness & Mutations

You cannot wear most types of armour.
You are amphibious.
You can wear up to eight rings at the same time.
Your skin changes colour to match your surroundings (Stealth+).
Your rubbery body absorbs attacks. (AC +1, EV +1)
((You are camouflaged when in or above water. (Stealth+)))
You have tentacles for arms and can constrict up to eight enemies at once.


Message History

There is an escape hatch in the ceiling here.
As you open the door, it creaks loudly!
There is an open door here.
You now have 57 gold pieces (gained 8).
There is an open door here. 3 gnolls come into view.
The gnoll shouts! x2
The gnoll misses you.
You tentacle-slap the gnoll. You grab the gnoll. You squeeze the gnoll.
The gnoll is severely wounded.
You constrict the gnoll, but do no damage.
The gnoll hits you from afar with a +0 spear!
You tentacle-slap the gnoll.
The gnoll is severely wounded.
You constrict the gnoll. The gnoll hits you with a +0 club.
The gnoll completely misses you.
You tentacle-slap the gnoll but do no damage.
The gnoll is severely wounded.
You constrict the gnoll. The gnoll hits you with a +0 club.
The gnoll hits you from afar with a +0 spear!
You tentacle-slap the gnoll.
You kill the gnoll!
The gnoll hits you from afar with a +0 spear.
The gnoll closely misses you.
Things that are here:
a +0 club; a gnoll corpse You barely miss the gnoll.
Your grab misses the gnoll. The gnoll hits you with a +0 spear.
* * * LOW HITPOINT WARNING * * *
You bludgeon the gnoll! You grab the gnoll.
The gnoll is heavily wounded.
You constrict the gnoll, but do no damage.
The gnoll hits you with a +0 spear!
* * * LOW HITPOINT WARNING * * *
You can now pass through a line of other dancers.
You tentacle-slap the gnoll.
The gnoll is severely wounded.
You constrict the gnoll, but do no damage.
The gnoll hits you with a +0 spear!
You die...

....# ###.# #.# #.# #.# #.# #.#
#.# #.# ###.# #.# ....##### #g#
........# #g# ##..###.# #@#
##..# #.########.#
###'###..........#
#........######### #...)....#
#...(....# #.....#..#
.........#
#.##.###.######################


You could see 2 gnolls.

Vanquished Creatures
  Sigmund (D:2)
  4 gnolls (D:3)
  6 adders
  A worm (D:2)
  A dart slug (D:2)
  An orc (D:3)
  5 endoplasms
  3 giant cockroaches
  5 goblins
  2 hobgoblins
  7 kobolds
  3 quokkas
  2 ball pythons
  2 bats (D:2)
  4 frilled lizards
  4 rats
51 creatures vanquished.

Vanquished Creatures (others)
  2 plants (D:3)
2 creatures vanquished.

Grand Total: 53 creatures vanquished

Notes
Turn   | Place    | Note
-------+----------+-------------------------------------------
     0 | D:1      | vulpzor the Octopode Transmuter began the quest for the
                  | Orb.
     0 | D:1      | Reached XP level 1. HP: 13/13 MP: 3/3
   113 | D:1      | Found Zeviem's General Store.
   217 | D:1      | Reached XP level 2. HP: 10/18 MP: 5/5
   860 | D:1      | Reached XP level 3. HP: 12/23 MP: 6/6
  1721 | D:2      | Noticed Sigmund
  1737 | D:2      | Killed Sigmund
  1738 | D:2      | Reached skill level 4 in Unarmed Combat
  1738 | D:2      | Reached XP level 4. HP: 18/28 MP: 6/8
  1738 | D:2      | Reached XP level 5. HP: 21/33 MP: 6/9
  1872 | D:2      | Found Wihuam's Magic Scroll Emporium.
  1893 | D:2      | Bought a scroll of identify for 26 gold pieces
  1925 | D:2      | Reached XP level 6. HP: 31/38 MP: 10/10
  1953 | D:2      | Found a faded altar of an unknown god.
  1973 | D:2      | Prayed at the altar of an unknown god.
  1973 | D:2      | Became a worshipper of Uskayaw the Reveller
  1973 | D:2      | Reached * piety under Uskayaw
  2301 | D:3      | Found Ikhugh's Antique Armour Emporium.
  2314 | D:3      | Reached ** piety under Uskayaw
  2316 | D:3      | Reached skill level 5 in Unarmed Combat
  2318 | D:3      | Reached *** piety under Uskayaw
  3217 | D:3      | Mangled by a gnoll

Illustrated notes

Levels and vault maps discovered:
D:1:      co_arrival_random_square_maze, layout_basic, serial_shops,
          nicolae_shop_hallway_stairs, kennysheep_small_spiral,
          bh_walls_and_bars
D:2:      layout_rooms, shapermc_ecumenical_altar_pompeii, serial_shops,
          nicolae_shop_temple_entry_statues_fountains, uniq_sigmund
D:3:      layout_basic, serial_shops, nicolae_shop_overgrown_old_shop

Skill      XL: |  1  2  3  4  5  6 |
---------------+-------------------+-----
Stealth        | 2 3 |  3.2
Unarmed Combat | 4 5 |  5.2
Fighting       | |  1.3
Dodging        | |  2.9
Spellcasting   | |  2.7
Transmutations | |  2.6

Action                   |  1- 3 |  4- 6 || total
-------------------------+-------+-------++-------
Melee: Unarmed           |    51 |    80 ||   131
       Constrict         |     8 |    23 ||    31
       Punch             |     6 |     2 ||     8
       Tentacles         |     8 |    16 ||    24
       Kick              |     3 |       ||     3
 Cast: Beastly Appendage |     3 |       ||     3
  Use: Potion            |     1 |     2 ||     3
       Scroll            |       |     4 ||     4
 Stab: Sleeping          |     3 |     6 ||     9
Armor: Skin              |     3 |     1 ||     4
Dodge: Dodged            |    22 |    57 ||    79

Table legend: (Time is in decaauts)
 A = Elapsed time spent in this place.
 B = Non-inter-level travel time spent in this place.
 C = Inter-level travel time spent in this place.
 D = Time resting spent in this place.
 E = Time spent auto-exploring this place.
 F = Levels seen in this place.
 G = Mean time per level.
                   A        B        C        D        E       F      G
               +--------+--------+--------+--------+--------+-----+--------+
         Total |   3207 |   3207 |      0 |      2 |   1940 |   3 | 1069.0 |
       Dungeon |   3207 |   3207 |      0 |      2 |   1940 |   3 | 1069.0 |
               +--------+--------+--------+--------+--------+-----+--------+

Top non-repeatable levels by time:
     D:1: 1632 daAuts
     D:3: 920 daAuts
     D:2: 655 daAuts
